 Dungeon Crawl Stone Soup version 0.30-a0-778-g2ef04afb54 (webtiles) character file.

Game seed: 5629219300159665986

371 IndexError the Shooter (level 6, -1/38 HPs)
             Began as a Tengu Hunter on Feb 15, 2023.
             Was a Follower of Dithmenos.
             Slain by an orc
             ... wielding a +0 club
              (5 damage)
             ... on level 5 of the Dungeon.
             The game lasted 00:09:18 (3650 turns).

IndexError the Shooter (Tengu Hunter)               Turns: 3650, Time: 00:09:19

Health: -1/38      AC:  4    Str: 11    XL:     6   Next: 71%
Magic:  7/7        EV: 14    Int:  9    God:    Dithmenos [*.....]
Gold:   284        SH:  0    Dex: 20    Spells: 5/5 levels left

rFire   . . .      SeeInvis .    b - +2 dagger (elec)
rCold   . . .      Faith    .    (no shield)
rNeg    . . .      Spirit   .    c - +0 leather armour
rPois   .          Reflect  .    (helmet restricted)
rElec   .          Harm     .    f - +0 cloak
rCorr   .          Rampage  .    (no gloves)
Will    .....                    (boots unavailable)
Stlth   ++                       p - amulet of the acrobat
HPRegen 0.26/turn                (no ring)
MPRegen 0.10/turn                (no ring)

@: flying quickly and evasively, wreathed by umbra, quick
A: beak, talons 3, nimble flight
a: Renounce Religion


You were on level 5 of the Dungeon.
You worshipped Dithmenos.
Dithmenos was aware of your devotion.
You visited 1 branch of the dungeon, and saw 5 of its levels.

You collected 284 gold pieces.

Inventory:

Hand Weapons
 a - a +0 shortbow
 b - a +2 dagger of electrocution (weapon)
   (You took it off an orc on level 3 of the Dungeon)
 y - the +3 whip "Puruc" {freeze, *Rage rN+++ Str+2 Int+3}
   (You found it on level 4 of the Dungeon)

   Str:       It affects your strength (+2).
   Int:       It affects your intelligence (+3).
   rN:        It renders you almost immune to negative energy.
   *Rage:     It berserks you when you make melee attacks (+20% chance).
Missiles
 q - 11 javelins
Armour
 c - a +0 leather armour (worn)
 f - a +0 cloak (worn)
   (You found it on level 1 of the Dungeon)
 r - a +0 ring mail
   (You found it on level 4 of the Dungeon)
 z - a +0 scale mail
   (You took it off an orc on level 4 of the Dungeon)
 B - a +0 leather armour
   (You found it on level 4 of the Dungeon)
 C - a +0 robe
   (You took it off an orc wizard on level 4 of the Dungeon)
Jewellery
 p - an amulet of the acrobat (around neck)
   (You found it on level 3 of the Dungeon)
Wands
 n - a wand of flame (26)
   (You found it on level 3 of the Dungeon)
Scrolls
 e - 2 scrolls of noise {unknown}
 g - a scroll of enchant armour {unknown}
 h - 2 scrolls of immolation {!r}
 i - 3 scrolls of identify {unknown}
 j - a scroll of enchant weapon {unknown}
 k - 2 scrolls of teleportation {unknown}
 l - 3 scrolls of vulnerability {unknown}
 m - 2 scrolls of poison {unknown}
 t - a scroll of silence {unknown}
Potions
 d - a potion of resistance {unknown}
 o - a potion of lignification {unknown}
 s - a potion of haste {unknown}
 u - 2 potions of curing {unknown}
 v - a potion of ambrosia {unknown}
 w - a potion of heal wounds {unknown}
 x - 2 potions of degeneration {unknown}
 A - a potion of mutation {unknown}
 D - a potion of invisibility {unknown}


   Skills:
 + Level 4.2 Fighting
 * Level 7.4 Ranged Weapons
 - Level 2.1 Dodging
 - Level 1.0 Stealth


You had 5 spell levels left.
You didn't know any spells.
Your spell library contained the following spells:

 Spells                   Type           Power      Damage    Failure   Level
 Apportation              Tloc           0%         N/A       47%         1
 Beastly Appendage        Tmut           0%         N/A       47%         1
 Shock                    Conj/Air       0%         1d3       47%         1
 Sting                    Tmut/Pois      0%         1d3       47%         1
 Poisonous Vapours        Pois/Air       0%         N/A       63%         2
 Static Discharge         Conj/Air       0%         2-2/arc   63%         2
 Wereblood                Tmut           0%         N/A       63%         2
 Spider Form              Tmut/Pois      0%         N/A       85%         3
 Swiftness                Air            0%         N/A       85%         3
 Vhi's Electric Charge    Tloc/Air       0%         N/A       85%         3
 Airstrike                Air            0%         2d(0-16)  99%         4
 Olgreb's Toxic Radiance  Pois           0%         N/A       99%         4
 Alistair's Intoxication  Tmut/Pois      0%         N/A       100%        5
 Arcjolt                  Conj/Air       0%         1d10      100%        5
 Lightning Bolt           Conj/Air       0%         1d11      100%        5


Dungeon Overview and Level Annotations

Branches:
Dungeon (5/15)
 Temple: D:4-7

Altars:
Dithmenos

Annotations:
D:4 1 runed translucent door, Frostiness's ghost, amateur DgCj


Innate Abilities, Weirdness & Mutations

You have a beak for a mouth.
You have claws for feet.
Your magical nature lets you fly swiftly and evasively.


Message History

No target in view!
Okay, then.
You see here a +0 dagger.
HP restored.
Frostiness's ghost turns its malevolent gaze towards you.
There is a stone staircase leading down here.
Health restored: 38 You fly downwards.
The ufetubus enters a dispersal trap!
The orc blinks!
The orc priest blinks!
The orc blinks! x2; The howler monkey blinks!
The orc blinks! x2; The orc priest blinks!
You blink.
The ufetubus blinks!
The orc priest casts a cantrip, but nothing happens.
The ufetubus shouts!
Spoiler Alert: The orc priest can smite you!
The orc shouts!
The howler monkey howls!
The orc shouts! x2
The orc priest shouts!
Warning x2: The orc priest can smite you! x2
The howler monkey completely misses you.
The orc priest looks satisfied for a moment.
The orc throws a boomerang.
The boomerang completely misses you.
There is a stone staircase leading up here.
The howler monkey misses you.
The orc enters a dispersal trap!
The orc priest blinks!
The howler monkey blinks!
The orc blinks! x2
The ufetubus blinks!
The orc blinks! x2; The orc priest blinks!
You blink.
You stop ascending the stairs.
The orc blinks!
Warning x2: The orc priest can smite you! x2
The orc priest grunts noisily.
The orc barely misses you.
The howler monkey hoots and howls with incredible vigour!
The ufetubus misses you. The ufetubus completely misses you.
The orc priest closely misses you.
You shoot an arrow. The arrow hits the ufetubus.
The howler monkey completely misses you.
The ufetubus closely misses you. The ufetubus hits you.
The orc priest looks encouraged for a moment.
The orc priest calls down the wrath of Beogh upon you.
Beogh smites you! The orc misses you. The howler monkey misses you.
The ufetubus barely misses you.
The ufetubus hits you but does no damage.
Warning x2: The orc priest can smite you! x2
You take 11 damage, and have 27/38 hp.
MASSIVE DAMAGE!!
The ufetubus closely misses you. The ufetubus completely misses you.
The howler monkey completely misses you.
The orc priest looks encouraged for a moment.
The orc enters a dispersal trap!
The orc priest blinks!
The howler monkey blinks!
The orc blinks!
The ufetubus blinks!
The orc priest blinks!
The orc blinks!
The orc priest blinks! x2; You blink.
The orc blinks!
Warning x2: The orc priest can smite you! x2
The howler monkey hoots and howls with incredible vigour!
The orc misses you.
You hear the crackle of electricity.
b - a +2 dagger of electrocution (weapon)
You hit the orc priest but do no damage.
The orc hits you with a +0 club. The ufetubus misses you.
The ufetubus hits you. The howler monkey barely misses you.
Warning x2: The orc priest can smite you! x2
You take 4 damage, and have 23/38 hp.
You closely miss the orc priest.
You claw the orc priest, but do no damage.
The ufetubus closely misses you. x2
The orc priest hits you with a +0 war axe.
The orc closely misses you. x2
The howler monkey completely misses you.
Warning x2: The orc priest can smite you! x2
You hit the orc priest.
Lightning courses through the orc priest!
Dithmenos accepts your kill. The ufetubus barely misses you.
The ufetubus closely misses you.
The orc priest mumbles some strange prayers to Beogh against you.
You barely resist. The orc closely misses you. The howler monkey misses you.
The ufetubus barely misses you. The ufetubus closely misses you.
Spoiler Alert: The orc priest can smite you!
You hit the orc priest. You claw the orc priest.
Your peck misses the orc priest. The ufetubus hits you.
The ufetubus barely misses you.
The howler monkey hoots and howls with incredible vigour!
The orc priest hits you with a +0 club. The orc hits you with a +0 club.
The orc closely misses you. x2
Spoiler Alert: The orc priest can smite you!
You take 8 damage, and have 15/38 hp.
MASSIVE DAMAGE!!
You hit the orc priest.
You claw the orc priest, but do no damage.
You peck the orc priest. The ufetubus barely misses you.
The ufetubus misses you. The howler monkey barely misses you.
The orc priest hits you with a +0 club.
* * * LOW HITPOINT WARNING * * *
The orc closely misses you. x2; The orc misses you.
The ufetubus closely misses you.
The ufetubus hits you but does no damage.
Spoiler Alert: The orc priest can smite you!
You take 6 damage, and have 9/38 hp.
You hit the orc priest.
Lightning courses through the orc priest!
Dithmenos accepts your kill. The howler monkey hits you.
* * * LOW HITPOINT WARNING * * *
The ufetubus misses you. The ufetubus hits you.
* * * LOW HITPOINT WARNING * * *
The orc closely misses you. The orc hits you with a +0 club.
You die...

#.#.#
#..(#.#
#...#.#####
#...#.#...#
#.#.#'#...##
#.#<^......#
#.#........#
#.'....5h).#
###....o@..#
#....oo..#
##########


You could see a howler monkey, 3 orcs and an ufetubus.

Vanquished Creatures
  A hound (D:4)
  3 orc priests
  Terence (D:3)
  An iguana (D:4)
  An orc wizard (D:4)
  4 gnolls (D:2)
  5 adders
  3 ufetubi
  4 dart slugs
  9 orcs
  7 bats
  6 endoplasms
  5 giant cockroaches
  11 goblins
  6 hobgoblins
  4 quokkas
  11 ball pythons
  3 frilled lizards
  7 kobolds
  7 rats
99 creatures vanquished.

Vanquished Creatures (others)
  3 demonic plants (D:5)
3 creatures vanquished.

Grand Total: 102 creatures vanquished

Notes
Turn   | Place    | Note
-------+----------+-------------------------------------------
     0 | D:1      | IndexError the Tengu Hunter began the quest for the Orb.
     0 | D:1      | Reached XP level 1. HP: 12/12 MP: 2/2
    88 | D:1      | Reached XP level 2. HP: 17/17 MP: 3/3
   401 | D:1      | Reached skill level 5 in Ranged Weapons
   484 | D:1      | Reached XP level 3. HP: 22/22 MP: 4/4
  1029 | D:2      | HP: 5/22 [gnoll/+0 whip (5)]
  1031 | D:2      | Reached XP level 4. HP: 5/27 MP: 5/5
  1125 | D:2      | Reached skill level 3 in Fighting
  1231 | D:2      | Found a shadowy altar of Dithmenos.
  1697 | D:2      | Became a worshipper of Dithmenos the Shadowed
  1770 | D:3      | Reached skill level 6 in Ranged Weapons
  1880 | D:3      | Gained mutation: Your magical nature lets you fly swiftly
                  | and evasively. [Tengu growth]
  1880 | D:3      | Reached XP level 5. HP: 32/32 MP: 6/6
  2191 | D:3      | Noticed Terence
  2196 | D:3      | Killed Terence
  2505 | D:4      | Identified the +3 whip "Puruc" {freeze, *Rage rN+++ Str+2
                  | Int+3}
  2625 | D:4      | Reached * piety under Dithmenos
  2765 | D:4      | Reached XP level 6. HP: 26/38 MP: 7/7
  2866 | D:4      | Reached skill level 7 in Ranged Weapons
  2950 | D:4      | Found a runed translucent door.
  2950 | D:4      | Noticed Frostiness's ghost (amateur DgCj)
  3000 | D:4      | Reached skill level 4 in Fighting
  3428 | D:5      | Entered Level 5 of the Dungeon
  3649 | D:5      | HP: 9/38 [orc priest/+0 club (6)]
  3650 | D:5      | HP: 4/38 [ufetubus (2)]
  3650 | D:5      | Slain by an orc

Illustrated notes

Levels and vault maps discovered:
D:1:      lemuel_arrival_funnel, layout_basic
D:2:      layout_loops_ring, basic_altar
D:3:      layout_loops_ring, chequers_decorated_corner, uniq_terence
D:4:      layout_basic, gammafunk_ghost_grave, serial_rivers,
          chequers_serial_rivers_micro_a, chequers_serial_rivers_large_a,
          chequers_serial_rivers_micro_b, chequers_serial_rivers_room_b,
          chequers_serial_rivers_small_a
D:5:      layout_basic, serial_demonic, serial_demonic_d, serial_demonic_c,
          serial_demonic_g, serial_demonic_f, hangedman_abyss_or_decor_stabs,
          nicolae_concentric_dashed_squares_wild

Skill      XL: |  1  2  3  4  5  6 |
---------------+-------------------+-----
Ranged Weapons | 5 6 7 |  7.4
Fighting       | 3 4 |  4.2
Dodging        | |  2.1
Stealth        | |  1.0

Action                     |  1- 3 |  4- 6 || total
---------------------------+-------+-------++-------
  Melee: Dagger            |       |     6 ||     6
         Kick              |       |     3 ||     3
         Peck              |       |     1 ||     1
   Fire: Shortbow          |    96 |   178 ||   274
  Throw: Javelin           |       |     1 ||     1
 Armour: Leather armour    |    10 |    10 ||    20
  Dodge: Dodged            |    28 |   102 ||   130

Table legend: (Time is in decaauts)
 A = Elapsed time spent in this place.
 B = Non-inter-level travel time spent in this place.
 C = Inter-level travel time spent in this place.
 D = Time resting spent in this place.
 E = Time spent auto-exploring this place.
 F = Levels seen in this place.
 G = Mean time per level.
                   A        B        C        D        E       F      G
               +--------+--------+--------+--------+--------+-----+--------+
         Total |   3574 |   3186 |    388 |      0 |   2554 |   5 |  714.8 |
       Dungeon |   3574 |   3186 |    388 |      0 |   2554 |   5 |  714.8 |
               +--------+--------+--------+--------+--------+-----+--------+

Top non-repeatable levels by time:
     D:4: 1045 daAuts
     D:2: 907 daAuts
     D:1: 902 daAuts
     D:3: 662 daAuts
     D:5: 57 daAuts

Table legend:
 A = Kills in this place as a percentage of kills in entire the game.
 B = Kills by you in this place as a percentage of kills by you in the entire game.
 C = Kills by friends in this place as a percentage of kills by friends in the entire game.
 D = Other kills in this place as a percentage of other kills in the entire game.
 E = Experience gained in this place as a percentage of experience gained in the entire game.
 F = Experience gained in this place divided by the number of levels of this place that you have seen.
                   A       B       C       D       E      F
               +-------+-------+-------+-------+-------+----------------------
         Total | 100.0 | 100.0 |   N/A |   N/A | 100.0 | 115.4
       Dungeon | 100.0 | 100.0 |   N/A |   N/A | 100.0 | 115.4
               +-------+-------+-------+-------+-------+----------------------
